Map: Orbital Depot

Players

Loken - Winner!

  • Race: Protoss Protoss
  • League: Platinum
  • Spawn Location: 9:00

dallaskuken - Winner!

  • Race: Protoss Protoss
  • League: Platinum
  • Spawn Location: 7:00

Myran - Winner!

  • Race: Protoss Protoss
  • Spawn Location: 9:00

Eset

  • Race: Zerg Zerg
  • League: Platinum
  • Spawn Location: 3:00

Paulllllllll

  • Race: Zerg Zerg
  • League: Platinum
  • Spawn Location: 3:00

MadCow

  • Race: Terran Terran
  • Spawn Location: 1:00

VOD

Have the link to the VOD?

Description

Time

  • Played on: April 4, 2017, 5:01 p.m.
  • Length: 6:45
Show
View Real Time Build Order
Export as new Build Order

Loken Protoss - Winner!

Build Orders:  

Get SALT Encoding   

  12  0:01  Probe (Chrono Boost)  
  13  0:12  Probe (Chrono Boost)  
  14  0:22  Probe (Chrono Boost)  
  14  0:24  Pylon  
  15  0:42  Gateway, Probe (Chrono Boost)  
  16  0:53  Probe (Chrono Boost)  
  16  0:56  Assimilator  
  17  1:03  Probe (Chrono Boost)  
  18  1:13  Assimilator  
  18  1:17  Probe (Chrono Boost)  
  19  1:28  Probe (Chrono Boost)  
  20  1:37  Cybernetics Core  
  20  1:38  Probe (Chrono Boost)  
  21  1:42  Gateway  
  21  1:48  Gateway  
  21  1:49  Probe (Chrono Boost)  
  21  1:53  Pylon  
  22  1:59  Probe (Chrono Boost)  
  23  2:14  Pylon  
  23  2:15  Mothership Core (Chrono Boost)  
  25  2:17  Warp Gate  
  25  2:31  Stalker  
  25  2:32  Stalker  
  29  3:09  Probe (Chrono Boost)  
  30  3:15  Stalker x3  
  36  3:38  Pylon  
  36  3:39  Pylon  
  36  3:45  Stargate  
  36  4:20  Pylon  
  36  4:21  Gateway  
  36  4:26  Stalker x3  
  42  4:41  Oracle  
  45  4:53  Gateway  
  45  5:16  Stalker x3  
  45  6:10  Pylon  
  39  6:34  Stalker x2  
  39  6:35  Stalker x3  
Show
View Real Time Build Order
Export as new Build Order

dallaskuken Protoss - Winner!

Build Orders:  

Get SALT Encoding   

  12  0:02  Probe (Chrono Boost)  
  14  0:14  Pylon, Probe (Chrono Boost)  
  14  0:25  Assimilator, Probe (Chrono Boost)  
  15  0:33  Gateway  
  15  0:39  Probe (Chrono Boost)  
  16  0:50  Probe (Chrono Boost)  
  16  0:52  Assimilator  
  17  1:00  Probe (Chrono Boost)  
  18  1:11  Probe (Chrono Boost)  
  19  1:20  Cybernetics Core  
  19  1:21  Probe (Chrono Boost)  
  19  1:24  Gateway  
  20  1:28  Pylon  
  20  1:32  Probe (Chrono Boost)  
  21  1:42  Probe (Chrono Boost)  
  21  1:43  Warp Gate  
  22  1:53  Pylon  
  22  2:07  Mothership Core (Chrono Boost)  
  24  2:10  Stalker  
  24  2:11  Stalker, Gateway  
  24  2:14  Pylon  
  28  2:41  Stalker  
  28  2:42  Stalker  
  32  3:07  Stalker  
  32  3:11  Stalker  
  36  3:28  Forge  
  36  3:29  Pylon  
  36  3:45  Gateway x2  
  36  3:52  Zealot  
  36  3:53  Zealot  
  40  4:01  Protoss Ground Weapons Level 1  
  40  4:11  Stalker  
  40  4:13  Pylon  
  40  4:15  Pylon  
  40  4:16  Pylon  
  42  4:22  Stalker x2  
  42  4:44  Stalker  
  42  4:45  Stalker x2  
  44  5:07  Stalker x2  
  44  5:08  Stalker x2  
  52  5:18  Stalker  
  54  5:31  Stalker x3  
  52  6:03  Stalker x2  
  52  6:04  Stalker  
Show
View Real Time Build Order
Export as new Build Order

Myran Protoss - Winner!

Build Orders: Cannon Rush 

Get SALT Encoding   

  12  0:01  Probe (Chrono Boost)  
  13  0:15  Pylon  
  13  0:20  Probe (Chrono Boost)  
  14  0:33  Forge  
  14  0:38  Probe (Chrono Boost)  
  15  0:47  Pylon  
  15  0:54  Probe (Chrono Boost)  
  16  1:11  Photon Cannon  
  16  1:17  Photon Cannon  
  16  1:24  Pylon  
  16  1:30  Probe (Chrono Boost)  
  17  1:41  Probe (Chrono Boost)  
  18  1:47  Photon Cannon  
  18  1:52  Pylon  
  18  2:01  Photon Cannon  
  18  2:02  Probe (Chrono Boost)  
  19  2:13  Probe (Chrono Boost)  
  19  2:14  Photon Cannon  
  20  2:29  Pylon  
  17  2:54  Probe (Chrono Boost)  
  18  2:59  Photon Cannon  
  18  3:05  Probe (Chrono Boost)  
  19  3:18  Photon Cannon  
  17  3:21  Probe (Chrono Boost)  
  13  3:32  Probe (Chrono Boost)  
  14  3:42  Probe (Chrono Boost)  
  15  3:53  Probe (Chrono Boost)  
  16  3:59  Gateway  
  16  4:03  Pylon, Probe (Chrono Boost)  
  16  4:08  Assimilator  
  17  4:14  Probe (Chrono Boost)  
  17  4:24  Probe (Chrono Boost)  
  18  4:44  Probe (Chrono Boost)  
  19  4:47  Zealot, Nexus  
  21  4:54  Probe (Chrono Boost)  
  22  5:06  Probe (Chrono Boost)  
  23  5:09  Assimilator  
  23  5:16  Cybernetics Core  
  23  5:20  Probe (Chrono Boost)  
  23  5:21  Pylon  
  24  5:55  Probe (Chrono Boost)  
  25  6:02  Probe (Chrono Boost)  
  26  6:05  Stalker, Probe (Chrono Boost)  
  29  6:13  Probe (Chrono Boost)  
  30  6:18  Stargate  
  30  6:20  Probe (Chrono Boost)  
  30  6:23  Probe (Chrono Boost)  
  32  6:34  Probe (Chrono Boost)  
Show
View Real Time Build Order
Export as new Build Order

Eset Zerg 

Build Orders: Pool First 

Get SALT Encoding   

  12  0:02  Drone  
  13  0:08  Drone  
  14  0:17  Overlord  
  14  0:35  Spawning Pool  
  13  0:38  Extractor  
  13  0:40  Extractor  
  13  0:42  Drone  
  12  0:47  Drone  
  13  0:52  Drone  
  15  0:57  Drone  
  15  1:23  Zergling x4  
  15  1:24  Metabolic Boost  
  17  1:33  Zergling x2  
  17  1:37  Overlord  
  18  1:47  Queen  
  18  1:54  Zergling x2  
  21  2:00  Drone  
  22  2:15  Zergling x2  
  23  2:24  Zergling x2  
  23  2:29  Zergling x2  
  25  2:45  Zergling x2  
  25  2:55  Zergling x2  
  20  3:32  Hatchery  
  19  3:35  Drone  
  19  3:36  Drone x4  
  24  3:50  Drone x4  
  28  3:59  Drone  
  28  4:01  Hatchery  
  28  4:12  Extractor  
  28  4:15  Lair  
  27  4:17  Drone  
  27  4:18  Drone x2  
  27  4:21  Overlord  
  30  4:34  Overlord  
  30  4:40  Drone  
  31  4:46  Overlord x3  
  31  4:48  Drone  
  31  4:51  Zergling x2  
  33  5:03  Zergling x2  
  33  5:04  Zergling x2  
  33  5:05  Zergling x2  
  34  5:29  Roach Warren  
  34  5:33  Zergling x2  
  34  5:34  Zergling x8  
  38  5:39  Zergling x2  
  39  5:45  Zergling x4  
  39  5:46  Zergling x2  
  39  5:47  Queen  
  43  5:59  Zergling x10  
  44  6:09  Spore Crawler x2  
  44  6:10  Spore Crawler  
Show
View Real Time Build Order
Export as new Build Order

Paulllllllll Zerg 

Build Orders: Pool First 

Get SALT Encoding   

  12  0:02  Drone  
  13  0:08  Drone  
  14  0:17  Overlord  
  14  0:35  Spawning Pool  
  13  0:39  Drone  
  13  0:41  Drone  
  15  0:46  Extractor  
  15  0:49  Drone  
  15  0:55  Drone  
  16  1:01  Drone  
  17  1:12  Drone  
  18  1:22  Queen  
  18  1:23  Drone  
  21  1:26  Spore Crawler  
  20  1:33  Drone  
  21  1:44  Drone  
  21  1:46  Metabolic Boost  
  22  1:55  Overlord  
  21  2:27  Spine Crawler  
  21  2:31  Spine Crawler  
  20  2:38  Roach Warren  
  19  2:45  Zergling x10  
  19  2:46  Zergling x2  
  19  2:49  Lair  
  25  2:59  Zergling x2  
  20  3:27  Zergling x6  
  22  3:40  Zergling x4  
  24  3:51  Zergling x2  
  25  4:25  Hatchery, Zergling x4  
  25  4:26  Zergling x6  
  23  4:40  Zergling x2  
  24  4:49  Overlord  
  18  5:08  Zergling x2  
  18  5:10  Zergling x2  
  20  5:28  Zergling x2  
  21  5:33  Hydralisk Den  
  21  5:34  Extractor  
  21  5:35  Zergling x2  
  20  5:45  Zergling x4  
  19  6:02  Zergling x2  
  19  6:03  Zergling x4  
Show
View Real Time Build Order
Export as new Build Order

MadCow Terran 

Build Orders: MMM Bio 

Get SALT Encoding   

  12  0:01  SCV  
  13  0:13  SCV  
  14  0:20  Supply Depot  
  14  0:21  Refinery  
  14  0:28  SCV  
  15  0:38  Refinery  
  15  0:42  SCV  
  16  0:43  Barracks  
  16  0:55  Barracks  
  16  0:58  SCV  
  17  1:07  Barracks  
  17  1:10  SCV  
  18  1:28  Supply Depot  
  18  1:31  Orbital Command  
  18  1:36  Barracks Tech Lab  
  18  1:45  Factory  
  18  1:49  Marine  
  19  1:58  Combat Shields  
  19  2:00  SCV  
  20  2:05  Marine  
  21  2:09  Marauder  
  23  2:17  Marine  
  23  2:22  SCV  
  25  2:23  Marine  
  25  2:25  Supply Depot  
  25  2:32  Factory Tech Lab  
  25  2:39  Starport  
  25  2:41  Marine x2  
  25  2:42  Marine  
  28  2:51  Siege Tank  
  31  2:58  Marine  
  31  3:02  Supply Depot  
  31  3:04  Marine x2  
  34  3:18  Stimpack  
  34  3:37  Starport Reactor  
  34  3:46  Command Center  
  34  3:50  Marauder, Marine x2  
  38  4:08  Marine  
  39  4:13  Medivac  
  39  4:14  Medivac  
  43  4:19  Barracks Reactor  
  43  4:24  Marauder  
  45  4:40  Barracks Reactor  
  45  4:41  Engineering Bay  
  45  4:51  Medivac  
  47  5:21  Marine x2  
  47  5:22  Marine x2  
  47  5:23  Marauder  
  47  5:26  Orbital Command  
  53  5:40  Marine x2  
  55  5:43  Concussive Shells  
  55  5:49  Supply Depot  
  55  5:53  Command Center  
  54  6:03  Marauder, Marine x2  
  55  6:14  Marine x2  
  55  6:17  Orbital Command  
  57  6:24  Marauder  
Tags
 
Add a new tag
Caveats
  • Supply blocks, unpowered buildings, or Contaminate may cause inaccurate times.
  • Supply counts are checked every 10 seconds.